 Dungeon Crawl Stone Soup version 0.23.2 (webtiles) character file.

Game seed: 8109558639697872538

15788 Marnok the Cruncher (level 12, 0/92 HPs)
             Began as a Demonspawn Gladiator on Apr 1, 2019.
             Was a Believer of Yredelemnul.
             Slain by an ice dragon (15 damage)
             ... on level 9 of the Dungeon.
             The game lasted 00:46:51 (9052 turns).

Marnok the Cruncher (Demonspawn Gladiator)          Turns: 9052, Time: 00:46:53

Health: 0/92       AC: 12    Str: 23    XL:     12   Next: 4%
Magic:  0/24       EV: 19    Int:  9    God:    Yredelemnul [**....]
Gold:   486        SH: 12    Dex: 17    Spells: 11/11 levels left

rFire    . . .     SeeInvis +   t - +5 quarterstaff (chaos)
rCold    + . .     Gourm    .   (shield currently unavailable)
rNeg     . . .     Faith    .   n - +3 troll leather armour
rPois    .         Spirit   +   r - +1 helmet
rElec    .         Reflect  +   v - +0 cloak
rCorr    .         Harm     .   l - +0 pair of gloves
MR       .....                  (no boots)
Stlth    ++++++....             x - +4 amulet of reflection
HPRegen  0.65/turn              o - +3 ring of evasion
MPRegen  0.38/turn              E - ring of magical power

@: mighty
A: claws 1, large bone plates 3, see invisible, cold resistance 1, nightstalker
2, magic shield, magic regeneration
a: Animate Remains, Recall Undead Slaves, Injury Mirror, Renounce Religion


You were on level 9 of the Dungeon.
You worshipped Yredelemnul.
Yredelemnul was pleased with you.
You were not hungry.

You visited 1 branch of the dungeon, and saw 10 of its levels.
You also visited: Ossuary.

You collected 486 gold pieces.

Inventory:

Hand Weapons
 e - a +0 blowgun
 t - a +5 quarterstaff of chaos (weapon)
 u - the +8 mace "Test" {freeze, Str+4}
   (You found it on level 4 of the Dungeon)

   It has been specially enchanted to freeze those struck by it, causing extra
   injury to most foes and up to half again as much damage against particularly
   susceptible opponents.
   It can also slow down cold-blooded creatures.
   It affects your strength (+4).
 L - a +3 mace of protection
 M - a +2 shortbow of flaming
Missiles
 k - 7 javelins of returning (quivered)
 N - 29 arrows
Armour
 l - a +0 pair of gloves (worn)
 n - a +3 troll leather armour (worn)
 r - a +1 helmet (worn)
 v - a +0 cloak (worn)
Magical Staves
 O - an uncursed staff of energy
Jewellery
 o - a +3 ring of evasion (left hand)
 p - an uncursed ring of fire
 x - a +4 amulet of reflection (around neck)
 y - an uncursed amulet of faith
 E - a ring of magical power (right hand)
Wands
 m - a wand of flame (15)
 s - a wand of paralysis (7)
Scrolls
 c - 2 scrolls of fog
 h - 2 scrolls of identify
 i - 4 scrolls of remove curse
 A - a scroll of amnesia
 B - 3 scrolls of random uselessness
 C - 3 scrolls of noise
Potions
 b - 3 potions of curing
 g - 2 potions of brilliance
 w - a potion of might
 D - 2 potions of mutation
 F - a potion of ambrosia
 H - a potion of flight
 I - a potion of cancellation
 P - a potion of haste
Comestibles
 d - 9 chunks of flesh
 f - 21 rations


   Skills:
 + Level 7.9 Fighting
 + Level 12.3 Staves
 + Level 1.9 Throwing
 + Level 4.8 Armour
 + Level 7.0 Dodging
 + Level 7.5 Stealth
 + Level 4.8 Invocations
 + Level 1.0 Evocations


You had 11 spell levels left.
You didn't know any spells.
Your spell library contained the following spells:

 Spells                   Type           Power        Failure   Level  Hunger
 Ice Form                 Ice/Tmut       #.......     99%         4    #####..
 Metabolic Englaciation   Hex/Ice        #.........   100%        5    ######.
 Bolt of Cold             Conj/Ice       #.........   100%        6    #######
 Freezing Cloud           Conj/Ice/Air   #.........   100%        6    #######
 Ozocubu's Refrigeration  Ice            #.........   100%        6    #######
 Simulacrum               Ice/Necr       #.........   100%        6    #######


Dungeon Overview and Level Annotations

Branches:
Dungeon (10/15)            Temple (0/1) D:4            Lair (0/6) D:10
    Orc: D:9-12

Altars:
Ashenzari
Cheibriados
Elyvilon
Gozag
Hepliaklqana
Kikubaaqudgha
Nemelex Xobeh
Okawaru
Qazlal
Ru
Sif Muna
Xom
Yredelemnul


Innate Abilities, Weirdness & Mutations

You are completely covered in large bone plates. (SH +8)
You are significantly more attuned to the shadows.
When hurt, damage is shared between your health and your magic reserves.
You regenerate magic rapidly.
You have sharp fingernails.
You have supernaturally acute eyesight. (SInv)
Your flesh is cold resistant. (rC+)


Message History

The ice dragon barely misses you. The ice dragon closely misses you.
The ice dragon barely misses you.
You hit the ice dragon but do no damage.
The ice dragon flickers and vanishes for a moment.
The ice dragon is severely wounded.
The ice dragon bites you!! The ice dragon claws you.
You block the ice dragon's attack.
You hit the ice dragon but do no damage.
The ice dragon is severely wounded.
The ice dragon misses you. You block the ice dragon's attack.
The ice dragon tramples you!!
* * * LOW HITPOINT WARNING * * *
You stumble backwards!
You feel very mighty all of a sudden. The ice dragon misses you.
The ice dragon barely misses you. You block the ice dragon's attack.
The ice dragon bites you!
* * * LOW HITPOINT WARNING * * *
You block the ice dragon's attack. The ice dragon tramples you!!
You die...
Your body rises from the dead as a mindless zombie.

######......Z#####Z...
#............# #....
#............# #....
#............# #....
#............# #....
#............# #....
#......l.....# #.)..
#....D.....<.#####....
#....@................
#....>...#..Z.......P.
#........#..........##
#######..#..........##
#..#..........##
#..#..........##
#..#..........##
#..#..........##
#..#..........##


You could see an ice dragon (berserk) and an iguana.

Vanquished Creatures
  A hydra (D:10)
  A catoblepas (D:9)
  A two-headed ogre (D:7)
  A dancing weapon (D:9)
  2 death yaks (D:10)
  The ghost of guttsta the Impaler, a novice MfGl of Hepliaklqana (D:9)
  Pikel (D:4)
  3 slime creatures (D:9)
  3 rime drakes (D:10)
  A meliai (D:10)
  4 trolls
  Grinder (D:3)
  2 hippogriffs
  Prince Ribbit (D:6)
  A yak (shapeshifter) (D:8)
  A spriggan (D:7)
  A basilisk (D:7)
  10 yaks
  A hungry ghost (D:9)
  A soldier ant (D:10)
  A water moccasin (D:7)
  Duvessa (D:6)
  3 orc warriors
  A porcupine (D:10)
  3 ice beasts
  A black bear (D:7)
  2 sky beasts
  3 phantoms
  2 necrophages (D:9)
  4 ogres
  6 centaurs
  A crocodile (D:7)
  A gnoll sergeant (D:10)
  6 bullfrogs
  2 water moccasin zombies
  Dowan (D:6)
  A water moccasin skeleton (D:5)
  8 scorpions
  3 wights (D:9)
  A howler monkey (D:8)
  An electric eel (D:7)
  7 crimson imps
  3 centaur zombies
  4 hounds
  A jelly (D:10)
  Crazy Yiuf (D:4)
  4 orc priests
  A bullfrog skeleton (D:9)
  A centaur skeleton (D:9)
  4 iguanas
  6 orc wizards
  Ijyb (D:4)
  3 worker ants
  A big kobold zombie (Ossuary)
  A hound zombie (D:2)
  A hound skeleton (D:7)
  5 mummies
  3 worker ant zombies
  6 gnolls
  10 adders
  4 shadow imps
  2 oozes
  2 adder zombies
  2 worms
  4 adder skeletons
  3 dart slugs
  5 leopard geckos
  17 orcs
  3 ball pythons
  2 giant cockroaches
  A gnoll zombie (Ossuary)
  18 goblins
  10 hobgoblins
  11 jackals
  7 quokkas
  4 bats
  6 frilled lizards
  2 hobgoblin zombies (Ossuary)
  7 kobolds
  A kobold zombie (Ossuary)
  A leopard gecko skeleton (D:5)
  An orc zombie (Ossuary)
  A quokka skeleton (D:4)
  8 rats
275 creatures vanquished.

Vanquished Creatures (collateral kills)
  A slime creature (D:9)
  A yak (D:10)
  A black bear (D:9)
  An ogre (D:9)
  A wight (D:9)
  A mummy (D:9)
  An adder (D:9)
  A leopard gecko (D:9)
8 creatures vanquished.

Vanquished Creatures (others)
  A slave (D:4)
  2 rime drake skeletons (D:10)
  4 yak skeletons
  A black bear zombie (D:9)
  A centaur skeleton (D:9)
  An ogre skeleton (D:9)
  Robin (D:4)
  An adder (D:4)
  A scorpion zombie (D:9)
  2 goblins (D:4)
  A gnoll skeleton (D:10)
  A goblin zombie (Ossuary)
  4 orc skeletons
  A quokka skeleton (D:10)
  A rat (D:3)
  A withered plant (D:9)
24 creatures vanquished.

Grand Total: 307 creatures vanquished

Notes
Turn   | Place    | Note
-------+----------+-------------------------------------------
     0 | D:1      | Marnok the Demonspawn Gladiator began the quest for the
                  | Orb.
     0 | D:1      | Reached XP level 1. HP: 16/16 MP: 1/1
   100 | D:1      | Reached skill level 3 in Staves
   100 | D:1      | Gained mutation: You are partially covered in large bone
                  | plates. (SH +4) [demonic ancestry]
   100 | D:1      | Reached XP level 2. HP: 20/22 MP: 2/2
   661 | D:2      | Reached XP level 3. HP: 26/27 MP: 3/3
  1152 | D:2      | Reached skill level 1 in Armour
  1152 | D:2      | Gained mutation: You are mostly covered in large bone
                  | plates. (SH +6) [demonic ancestry]
  1152 | D:2      | Reached XP level 4. HP: 16/33 MP: 4/4
  1159 | D:2      | Gained mutation: You have supernaturally acute eyesight.
                  | (SInv) [potion of mutation]
  1159 | D:2      | Gained mutation: You have sharp fingernails. [potion of
                  | mutation]
  1159 | D:2      | Gained mutation: Your flesh is cold resistant. (rC+)
                  | [potion of mutation]
  1456 | D:2      | Found a snail-covered altar of Cheibriados.
  1796 | D:3      | Found an iron altar of Okawaru.
  1908 | D:3      | Found a shattered altar of Ashenzari.
  1939 | D:3      | Gained mutation: You are slightly more attuned to the
                  | shadows. [demonic ancestry]
  1939 | D:3      | Reached XP level 5. HP: 34/38 MP: 5/5
  2014 | D:3      | Reached skill level 4 in Staves
  2235 | D:3      | Noticed Grinder
  2247 | D:3      | Killed Grinder
  2247 | D:3      | Reached skill level 5 in Staves
  2247 | D:3      | Gained mutation: You are completely covered in large bone
                  | plates. (SH +8) [demonic ancestry]
  2247 | D:3      | Reached XP level 6. HP: 20/46 MP: 6/6
  2635 | D:4      | Noticed Ijyb
  2650 | D:4      | Killed Ijyb
  2777 | D:4      | Noticed Pikel
  2777 | D:4      | Noticed a slave
  2777 | D:4      | Noticed a slave
  2777 | D:4      | Noticed a slave
  2778 | D:4      | Noticed a slave
  2785 | D:4      | Killed Pikel
  2785 | D:4      | Reached skill level 6 in Staves
  2785 | D:4      | Reached XP level 7. HP: 52/52 MP: 7/7
  2824 | D:4      | Found a staircase to the Ecumenical Temple.
  2947 | D:4      | Found the +10 Black Knight's horse barding {ponderous,
                  | rPois rN+}
  2951 | D:4      | Noticed a troll
  2965 | D:4      | Killed a troll
  2965 | D:4      | Reached skill level 1 in Stealth
  2965 | D:4      | Gained mutation: You are significantly more attuned to the
                  | shadows. [demonic ancestry]
  2965 | D:4      | Reached XP level 8. HP: 38/60 MP: 8/8
  3052 | D:4      | Reached skill level 7 in Staves
  3073 | D:4      | Noticed Robin
  3092 | D:4      | Killed Robin
  3204 | D:4      | Found a runed translucent door.
  3206 | D:4      | Noticed Crazy Yiuf
  3215 | D:4      | Killed Crazy Yiuf
  3222 | D:4      | Got a pitted mace
  3274 | D:5      | Entered Level 5 of the Dungeon
  3465 | D:5      | Reached skill level 1 in Evocations
  3534 | D:5      | Found a sparkling altar of Nemelex Xobeh.
  3626 | D:6      | Noticed Prince Ribbit
  4494 | D:6      | Reached skill level 8 in Staves
  4544 | D:6      | Killed Prince Ribbit
  4544 | D:6      | Reached XP level 9. HP: 66/66 MP: 9/9
  4546 | D:6      | Noticed Duvessa
  4552 | D:6      | Noticed Dowan
  4558 | D:6      | Killed Duvessa
  4568 | D:6      | Killed Dowan
  4640 | D:6      | Found a basalt altar of Yredelemnul.
  4646 | D:6      | Became a worshipper of Yredelemnul the Dark
  4711 | D:6      | Found a white marble altar of Elyvilon.
  4868 | D:6      | Identified the +8 mace "Test" {freeze, Str+4} (You found it
                  | on level 4 of the Dungeon)
  4875 | D:6      | Got a jewelled hand axe
  4876 | D:6      | Identified the cursed +3 hand axe of Kioseakulu {flame,
                  | rElec Dex+3} (You found it on level 6 of the Dungeon)
  5199 | D:7      | Found a sand-covered staircase.
  5203 | Ossuary  | Entered an ossuary
  5360 | Ossuary  | Reached skill level 9 in Staves
  5365 | Ossuary  | Reached * piety under Yredelemnul
  5503 | D:7      | Reached skill level 5 in Fighting
  5538 | D:7      | Noticed a two-headed ogre
  5542 | D:7      | Noticed a troll
  5553 | D:7      | Killed a two-headed ogre
  5553 | D:7      | Reached skill level 5 in Dodging
  5553 | D:7      | Reached XP level 10. HP: 48/74 MP: 10/10
  5558 | D:7      | Reached skill level 5 in Stealth
  5563 | D:7      | Reached skill level 10 in Staves
  5776 | D:7      | Found an ancient bone altar of Kikubaaqudgha.
  5780 | D:7      | Found a deep blue altar of Sif Muna.
  6471 | D:8      | Noticed a harpy
  6471 | D:8      | a shapeshifter changed into a harpy
  6481 | D:8      | a harpy changed into a yak
  6482 | D:8      | Found an opulent altar of Gozag.
  6772 | D:8      | Reached ** piety under Yredelemnul
  7446 | D:9      | Reached skill level 1 in Invocations
  7500 | D:9      | Found a sacrificial altar of Ru.
  7504 | D:9      | Found a hazy altar of Hepliaklqana.
  7586 | D:9      | Found a stormy altar of Qazlal.
  7602 | D:9      | Found a runed translucent door.
  7602 | D:9      | Found a shimmering altar of Xom.
  7602 | D:9      | Noticed guttsta's ghost (novice MfGl)
  7603 | D:9      | Noticed a +2 scimitar of chaos
  7613 | D:9      | Killed a +2 scimitar of chaos
  7613 | D:9      | Reached skill level 11 in Staves
  7626 | D:9      | Killed guttsta's ghost
  7702 | D:9      | Gained mutation: When hurt, damage is shared between your
                  | health and your magic reserves. [demonic ancestry]
  7702 | D:9      | Reached XP level 11. HP: 58/83 MP: 12/12
  8188 | D:9      | Noticed a catoblepas
  8213 | D:9      | Killed a catoblepas
  8250 | D:10     | Entered Level 10 of the Dungeon
  8732 | D:10     | Noticed a death yak
  8741 | D:10     | Noticed a death yak
  8767 | D:10     | Killed a death yak
  8774 | D:10     | Reached skill level 12 in Staves
  8799 | D:10     | Killed a death yak
  8801 | D:10     | Noticed a death yak
  8814 | D:10     | Noticed an eight-headed hydra
  8814 | D:10     | a death yak changed into an eight-headed hydra
  8816 | D:10     | Killed an eight-headed hydra
  8892 | D:10     | Found a staircase to the Lair.
  8902 | D:10     | Gained mutation: You regenerate magic rapidly. [demonic
                  | ancestry]
  8902 | D:10     | Reached XP level 12. HP: 69/92 MP: 12/15
  9022 | D:10     | Noticed an ice dragon
  9052 | D:9      | Slain by an ice dragon

Skill      XL: |  1  2  3  4  5  6  7  8  9 10 11 |
---------------+----------------------------------+-----
Staves         | 3 5 6 8 9 11 12 | 12.3
Dodging        | 3 4 5 7 |  7.0
Armour         | 1 2 3 4 |  4.8
Fighting       | 3 4 5 6 7 |  7.9
Stealth        | 1 3 4 6 7 |  7.5
Evocations     | 1 |  1.0
Invocations    | 2 4 |  4.8
Throwing       | |  1.9

Action                   |  1- 3 |  4- 6 |  7- 9 | 10-12 || total
-------------------------+-------+-------+-------+-------++-------
Melee: Quarterstaff      |   161 |   163 |   281 |   428 ||  1033
Throw: Javelin           |       |       |       |     2 ||     2
Invok: Animate Remains   |       |       |       |    22 ||    22
       Injury Mirror     |       |       |       |     3 ||     3
       Recall Undead Sla |       |       |       |     1 ||     1
Evoke: Wand              |       |       |     1 |       ||     1
  Use: Scroll            |     6 |     3 |    12 |    10 ||    31
       Potion            |     4 |     3 |     4 |    15 ||    26
 Stab: Sleeping          |       |       |    18 |    14 ||    32
       Paralysed         |       |       |     1 |     2 ||     3
       Confused          |       |       |       |     5 ||     5
       Petrifying        |       |       |       |     1 ||     1
       Invisible         |       |       |       |     3 ||     3
       Distracted        |       |       |       |     1 ||     1
  Eat: Chunk             |     1 |     5 |     9 |    15 ||    30
       Ration            |       |       |       |     1 ||     1
Armor: Leather armour    |    23 |       |       |       ||    23
       Scale mail        |     7 |    42 |     9 |       ||    58
       Troll leather arm |       |       |    29 |    64 ||    93
Dodge: Dodged            |   117 |    86 |   140 |   236 ||   579
Block: Other             |    35 |    41 |    97 |   236 ||   409
       Reflection        |       |       |       |     2 ||     2
